 Dungeon Crawl Stone Soup version 0.14.1-1-g650416f (webtiles) character file.

116 Iskender the Skirmisher (level 3, 0/17 HPs)
             Began as a Felid Chaos Knight on May 13, 2014.
             Was a Plaything of Xom.
             Succumbed to an adder's poison
             ... on Level 2 of the Dungeon.
             The game lasted 00:06:32 (1437 turns).

Iskender the Skirmisher (Felid Chaos Knight)        Turns: 1437, Time: 00:06:32

HP   0/17        AC  1     Str  8      XL: 3   Next: 10%
MP   5/5         EV 18     Int 14      God: Xom
Gold 84          SH  0     Dex 15      Spells:  0 memorised,  2 levels left
Lives: 0, deaths: 0

rFire  . . .     SeeInvis +       - Unarmed
rCold  . . .     Clarity  .     (armour unavailable)
rNeg   . . .     Conserve .     (shield unavailable)
rPois  .         rCorr    .     (helmet unavailable)
rElec  .         rRot     .     (cloak unavailable)
SustAb . .       Spirit   .     (gloves unavailable)
rMut   .         Warding  .     (boots unavailable)
Saprov . . .     Stasis   .     k - amulet of faith
MR     .....                    (no ring)
                                (no ring)

@: lethally poisoned, quick, not resistant to hostile enchantments, quite
stealthy
A: paw claws, no armour, no weapons or thrown items, fangs 3, see invisible,
carnivore 3, speed 1, shaggy fur 1, slow metabolism 1, jump 1
a: Jump Attack, Renounce Religion


You were on level 2 of the Dungeon.
You worshipped Xom.
You were a toy of Xom.
You were very full.

You visited 1 branch of the dungeon, and saw 2 of its levels.

You collected 84 gold pieces.

Inventory:

Missiles
 b - 47 stones
Comestibles
 c - a meat ration
Scrolls
 a - a scroll of enchant weapon I {unknown}
 e - 3 scrolls of remove curse {unknown}
 g - 2 scrolls of fear {unknown}
 l - a scroll of fog {unknown}
 m - a scroll of immolation {unknown}
Jewellery
 k - an amulet of faith (around neck)
Potions
 d - a potion of brilliance {unknown}
 f - a potion of restore abilities {unknown}
 h - a potion of curing {unknown}
 i - a potion of agility {unknown}
 j - a potion of resistance {unknown}


   Skills:
 + Level 3.5 Fighting
 - Level 3.2 Dodging
 - Level 3.2 Stealth
 - Level 3.0 Unarmed Combat


You had 2 spell levels left.
You didn't know any spells.

Dungeon Overview and Level Annotations

Branches:
Dungeon (2/15)

Altars:

Annotations:
D:2 Ijyb


Innate Abilities, Weirdness & Mutations

You cannot wear armour.
You are incapable of wielding weapons or throwing items.
Your paws have sharp claws.
You have razor-sharp teeth.
You have supernaturally acute eyesight.
You are carnivorous and can eat meat at any time.
You cover ground quickly.
You are covered in fur (AC +1).
You have a slow metabolism.
You can jump attack at a short distance.


Message History

The adder is almost dead.
The adder misses you.
The kobold throws a dart.
The dart misses you. The adder bites you.
* * * LOW HITPOINT WARNING * * *
You are lethally poisoned!
The adder poisons you!
* * * LOW HITPOINT WARNING * * *
You feel sick.
The kobold throws a dart.
The dart hits you!
You see here a dart.
You miss the adder. You bite the adder.
The adder is almost dead.
* * * LOW HITPOINT WARNING * * *
You feel sick. The adder completely misses you.
You closely miss the adder.
The adder is almost dead.
The adder misses you.
The kobold throws a dart.
The dart hits you!
* * * LOW HITPOINT WARNING * * *
You die...
Xom roars with laughter!

#.# #.#.....# #.#...
#.# #.#.##### #.##.#
#.# #.#.# . #.# #.#
#.#.# #.# #.# #.#.#
#.# #.# #.#.# #.# #.#
#.#.# ... #.# #.#.#
... #.# #@#.######.#
.
######.###(#.........
.<......gS...........
.........K..........
...................
...................
...!..............
..........?.?...
...........$..


You could see an adder (bleeding) and a kobold.

Vanquished Creatures
  A worm (D:2)
  An ooze (D:1)
  6 bats
  A giant cockroach (D:2)
  3 hobgoblins
  2 jackals (D:1)
  A giant newt (D:2)
  3 goblins
  3 kobolds
  3 rats (D:1)
24 creatures vanquished.

Notes
Turn   | Place    | Note
--------------------------------------------------------------
     0 | D:1      | Iskender, the Felid Chaos Knight, began the quest for the Orb.
     0 | D:1      | Reached XP level 1. HP: 10/10 MP: 2/2
     2 | D:1      | Noticed a human
     4 | D:1      | Noticed a troll
     6 | D:1      | Noticed a demigod
     6 | D:1      | Noticed a vine stalker
     8 | D:1      | Noticed an elf
     8 | D:1      | Noticed a spriggan
    10 | D:1      | Noticed a draconian
    10 | D:1      | Noticed a minotaur
    12 | D:1      | Noticed a demonspawn
    14 | D:1      | Noticed a tengu
    14 | D:1      | Noticed a vampire
    16 | D:1      | Noticed an ogre
    16 | D:1      | Noticed a centaur
    18 | D:1      | Noticed a formicid
    18 | D:1      | Noticed a naga
    20 | D:1      | Noticed an octopode
    20 | D:1      | Noticed a felid
    22 | D:1      | Noticed a dwarf
    22 | D:1      | Noticed a ghoul
    24 | D:1      | Noticed a merfolk
    26 | D:1      | Noticed a gargoyle
   180 | D:1      | Reached skill level 1 in Stealth
   292 | D:1      | Reached XP level 2. HP: 5/14 MP: 3/3
   311 | D:1      | XOM: divination: detect items
   587 | D:1      | XOM: divination: detect items
   938 | D:2      | Noticed Ijyb
   972 | D:2      | XOM: divination: magic mapping
  1072 | D:2      | XOM: harmless Divn miscast
  1225 | D:2      | Reached XP level 3. HP: 10/17 MP: 5/5
  1437 | D:2      | Succumbed to an adder's poison

Action                   || total
-------------------------++-------
Melee: Unarmed           ||   101
 Stab: Sleeping          ||     2
